 Dungeon Crawl Stone Soup version 0.31-a0-214-gb37851dbb3 (webtiles) character file.

Game seed: 4064967717878410411

65 qw the Chopper (level 4, -5/28 HPs)
             Began as a Gargoyle Fighter on July 1, 2023.
             Slain by Sigmund
             ... wielding a +8 scythe of holy wrath
              (6 damage)
             ... on level 2 of the Dungeon.
             The game lasted 00:00:36 (1001 turns).

qw the Chopper (Gargoyle Fighter)                   Turns: 1001, Time: 00:00:36

Health: -5/28      AC: 10    Str: 22    XL:     4   Next: 13%
Magic:  4/4        EV:  9    Int:  8    God:
Gold:   101        SH:  4    Dex:  9    Spells: 3/3 levels left

rFire   . . .        Y - +0 war axe (venom)
rCold   . . .        c - +0 buckler
rNeg    + . .        b - +0 scale mail
rPois   inf          (no helmet)
rElec   +            (no cloak)
rCorr   .            (no gloves)
SInv    .            (no boots)
Will    .....        (no amulet) Stlth
                     (no ring)
HPRegen 0.24/turn    (no ring)
MPRegen 0.09/turn

%: no passive effects
@: no status effects
A: sickness immunity, AC +3, negative energy resistance 1, electricity
resistance, torment resistance 1, petrification resistance
a: no special abilities


You were on level 2 of the Dungeon.
You visited 1 branch of the dungeon, and saw 2 of its levels.

You collected 101 gold pieces.


Innate Abilities, Weirdness & Mutations

You are immune to sickness and miasma.
Your stone body is resilient. (AC +3)
You are immune to poison.
You resist negative energy. (rN+)
You are resistant to electric shocks. (rElec)
You are resistant to unholy torment.
You are immune to petrification.


   Skills:
 - Level 3.2 Fighting
 + Level 3.9 Axes
 - Level 3.2 Armour
 - Level 3.2 Shields


You had 3 spell levels left.
You didn't know any spells.
Your spell library was empty.

Inventory:

Hand Weapons
 e - a +0 club
 Y - a +0 war axe of venom (weapon)
Armour
 b - a +0 scale mail (worn)
 c - a +0 buckler (worn)
 f - a +0 chain mail
Jewellery
 a - a +6 ring of strength
Potions
 d - a potion of might
 g - a potion of ambrosia {unknown}

Dungeon Overview and Level Annotations

Branches:
Dungeon (2/15)

Altars:

Annotations:
D:2 Sigmund


Message History

Found a robe.
Enter note:
Enter note:
Enter note:
Enter note:
f - a +0 chain mail Sigmund the Dreaded comes into view.
He is wielding a +8 scythe of holy wrath.
Found 6 gold pieces.
Sigmund shouts!
Sigmund mumbles some strange words.
Sigmund flickers and vanishes!
Deactivating autopickup; reactivate with Ctrl-A.
Enter note:
Enter note:
Enter note:
Enter note: You swing at nothing.
You are confused.
A magic dart appears from out of thin air!
The magic dart hits you.
Enter note:
Enter note:
Enter note:
Enter note: Something hits you.
Enter note:
Enter note:
Enter note:
Enter note: You closely miss something.
Something hits you. Something hits you.
You feel less confused. Something hits you.
You closely miss something. Something hits you!
Ouch! That really hurt!
You closely miss something. Something hits you.
You die...

##########
#........#
#@######.########
#{# #.##.....
#.######.#....#
#.#...........####
#.#.####..........
#.# #...[......###
.$# ##..........).
###...........####
............# #


There were no monsters in sight!

Vanquished Creatures
  3 adders (D:2)
  A worm (D:2)
  3 ball pythons
  4 bats
  3 endoplasms
  2 giant cockroaches (D:2)
  2 hobgoblins (D:1)
  2 jackals (D:1)
  2 quokkas
  A frilled lizard (D:1)
  5 goblins
  2 kobolds (D:1)
  3 rats
33 creatures vanquished.

Notes
Turn   | Place    | Note
-------+----------+-------------------------------------------
     0 | D:1      | qw the Gargoyle Fighter began the quest for the Orb.
     0 | D:1      | Reached XP level 1. HP: 14/14 MP: 1/1
     0 | D:1      | 0 ||| qw: Version: 0.3-a-32-g5962c71
     0 | D:1      | 0 ||| qw: Game counter: 7489
     0 | D:1      | 0 ||| qw: Melee chars always use a shield: true
     0 | D:1      | 0 ||| qw: God list: Okawaru
     0 | D:1      | 0 ||| qw: Allow faded altars: false
     0 | D:1      | 0 ||| qw: Do Orc after clearing Dungeon:15 true
     0 | D:1      | 0 ||| qw: Do second Lair branch before Depths: true
     0 | D:1      | 0 ||| qw: Lair rune preference: random
     0 | D:1      | 0 ||| qw: Goals: Normal, Zot:1-4, Slime:5, God:TSO, Crypt,
                  | Tomb, Abyss, Pan, Hells, Win
     0 | D:1      | 0 ||| PLANNING D:1-11
   167 | D:1      | Reached XP level 2. HP: 19/19 MP: 2/2
   406 | D:1      | Reached skill level 3 in Axes
   593 | D:1      | 593 ||| READING scroll labelled OLU XYREFUN.
   594 | D:1      | 594 ||| DROPPING +0 club.
   595 | D:1      | 595 ||| READING scroll labelled LEOSHR INOH.
   596 | D:1      | 596 ||| READING scroll labelled PAHENU WOXZUTU.
   615 | D:2      | Reached XP level 3. HP: 23/23 MP: 3/3
   676 | D:2      | 676 ||| READING scroll of brand weapon.
   676 | D:2      | 676 ||| BRANDING +0 war axe of flaming.
   954 | D:2      | Reached XP level 4. HP: 27/28 MP: 4/4
   991 | D:2      | Noticed Sigmund
  1000 | D:2      | HP: 1/28 [something (17)]
  1001 | D:2      | Slain by Sigmund

Levels and vault maps discovered:
D:1:      scummos_arrival_simple_crosswalls, layout_rooms
D:2:      layout_basic, minmay_misc_feat_enclosed, uniq_sigmund

Skill      XL: |  1  2 |
---------------+-------+-----
Axes           | 2 3 |  3.9
Fighting       | |  3.2
Armour         | |  3.2
Shields        | |  3.2

Action                     |  1- 3 |  4- 6 || total
---------------------------+-------+-------++-------
  Melee: War axe           |    99 |     3 ||   102
    Use: Scroll            |     4 |       ||     4
 Armour: Scale mail        |    42 |       ||    42
  Dodge: Dodged            |    49 |       ||    49
  Block: Buckler           |    28 |       ||    28

Table legend:
 A = Non-vault XP
 B = Vault XP
 C = Vault XP percentage of total XP
 D = Non-vault monster count
 E = Vault monster count
 F = Vault count percentage of total count
                 A         B        C        D         E       F
            +---------+---------+-------+---------+---------+-------
      Total |      93 |       0 |   0.0 |      33 |       0 |   0.0
            +---------+---------+-------+---------+---------+-------
        D:1 |      33 |       0 |   0.0 |      20 |       0 |   0.0
        D:2 |      60 |       0 |   0.0 |      13 |       0 |   0.0
            +---------+---------+-------+---------+---------+-------
